 Dungeon Crawl Stone Soup version 0.30-a0-381-g6ea064c7b4 (webtiles) character file.

Game seed: 7867087989699845271

45 qeuew the Sneak (level 3, 0/16 HPs)
             Began as a Spriggan Earth Elementalist on Dec 1, 2022.
             Slain by Sigmund
             ... wielding a +3 scythe of flaming
              (13 damage)
             ... on level 2 of the Dungeon.
             The game lasted 00:01:57 (1221 turns).

qeuew the Sneak (Spriggan Earth Elementalist)       Turns: 1221, Time: 00:01:57

Health: 0/16       AC:  2    Str:  4    XL:     3   Next: 42%
Magic:  3/8        EV: 18    Int: 16    God:
Gold:   32         SH:  0    Dex: 17    Spells: 4/8 levels left

rFire   . . .      SeeInvis +    i - +3 dagger (speed)
rCold   . . .      Faith    .    (no shield)
rNeg    . . .      Spirit   .    a - +0 robe
rPois   .          Reflect  .    (helmet restricted)
rElec   .          Harm     .    (no cloak)
rCorr   .          Rampage  .    (gloves unavailable)
Will    .....                    (boots unavailable)
Stlth   +++.......               (no amulet)
HPRegen 0.22/turn                (no ring)
MPRegen 0.11/turn                (no ring)

@: very quick
A: very small, no large weapons, unfitting armour, see invisible, speed 3
a: no special abilities


You were on level 2 of the Dungeon.
You visited 1 branch of the dungeon, and saw 2 of its levels.

You collected 32 gold pieces.

Inventory:

Hand Weapons
 i - a +3 dagger of speed (weapon)
Armour
 a - a +0 robe (worn)
Scrolls
 c - a scroll of magic mapping
 e - 2 scrolls of identify
 f - a scroll of blinking
 j - a scroll of amnesia
 k - a scroll of enchant weapon
 l - a scroll of enchant armour {unknown}
 m - a scroll of brand weapon {unknown}
Potions
 b - a potion of magic
 d - a potion of mutation {unknown}
 g - 3 potions of brilliance
 h - 2 potions of heal wounds {unknown}


   Skills:
 + Level 0.3 Short Blades
 + Level 3.1 Dodging
 * Level 3.9 Stealth
 * Level 3.3 Spellcasting
 + Level 0.0 Conjurations
 + Level 1.9 Transmutations
 * Level 3.0 Earth Magic


You had 4 spell levels left.
You knew the following spells:

 Your Spells              Type           Power      Damage    Failure   Level
a - Sandblast             Erth           24%        2d8       4%          1
b - Stone Arrow           Conj/Erth      14%        3d7       28%         3

Your spell library contained the following spells:

 Spells                   Type           Power      Damage    Failure   Level
 Passwall                 Tmut/Erth      8%         N/A       10%         2
 Petrify                  Tmut/Erth      10%        N/A       54%         4


Dungeon Overview and Level Annotations

Branches:
Dungeon (2/15)

Altars:

Annotations:
D:2 Sigmund


Innate Abilities, Weirdness & Mutations

You are very small and have problems with some larger weapons.
You are too small for most types of armour.
You have supernaturally acute eyesight. (SInv)
You cover ground extremely quickly. (Speed+++)


Message History

The puff of flame misses you.
The blast of sand hits Sigmund.
Sigmund is lightly wounded.
The blast of sand hits Sigmund.
Sigmund is lightly wounded.
Sigmund barely misses you.
Casting: Sandblast (safe; 4% risk of failure)
Confirm with . or Enter, or press ? or * to list all spells.
You don't have enough magic to cast this spell.
Unknown command.
Casting: Sandblast (safe; 4% risk of failure)
Confirm with . or Enter, or press ? or * to list all spells.
You don't have enough magic to cast this spell.
Unknown command.
Sigmund misses you.
You closely miss Sigmund.
Sigmund is lightly wounded.
You hit Sigmund.
Sigmund is moderately wounded.
Sigmund hits you with a +3 scythe of flaming.
Sigmund burns you.
You hit Sigmund.
Sigmund is heavily wounded.
You hit Sigmund.
Sigmund is heavily wounded.
Sigmund closely misses you.
You barely miss Sigmund.
Sigmund is heavily wounded.
You hit Sigmund but do no damage.
Sigmund is heavily wounded.
You barely miss Sigmund.
Sigmund is heavily wounded.
Sigmund misses you.
You hit Sigmund.
Sigmund is severely wounded.
You hit Sigmund.
Sigmund is almost dead.
Sigmund hits you with a +3 scythe of flaming!
Ouch! That really hurt!
You die...

......†..(......###.##..##.....
......###..)##### #.##..## #.#
......# ##..# #.##S..## ......#
#..# #.##.÷#.# ......# #..#
#.##.#.## ......# #..# #.##.#<#
####≈≈# #..#######.##.#.##.###
+ ..>..+..##...............[
######### #.#...@@#....###...#
##.#...# #...<.........#.## .
##.###.####.#.....#####.).#
........... ##...## ##.###.#
##.###.####.###.#####.## .#
)...............##....# ..
†.........# #####.##.# ##
##.###.###########.###.###.
#.###............#.......#


You could see Sigmund.

Vanquished Creatures
  An adder (D:2)
  A worm (D:2)
  4 endoplasms
  A giant cockroach (D:1)
  2 goblins (D:1)
  4 hobgoblins
  A kobold (D:1)
  A quokka (D:2)
  4 ball pythons
  2 bats
  7 frilled lizards
  5 rats
  A spectral kobold (D:2)
34 creatures vanquished.

Notes
Turn   | Place    | Note
-------+----------+-------------------------------------------
     0 | D:1      | qeuew the Spriggan Earth Elementalist began the quest for
                  | the Orb.
     0 | D:1      | Reached XP level 1. HP: 9/9 MP: 5/5
   286 | D:1      | Reached XP level 2. HP: 13/13 MP: 2/6
  1103 | D:2      | Reached XP level 3. HP: 16/16 MP: 5/8
  1118 | D:2      | Learned a level 3 spell: Stone Arrow
  1121 | D:2      | Noticed Sigmund
  1221 | D:2      | Slain by Sigmund

Illustrated notes

Levels and vault maps discovered:
D:1:      erik_arrival_blinker_ship, layout_basic
D:2:      cheibrodos_helix_gallery, layout_loops_ring, serial_shops,
          nicolae_shop_hallway_stairs,
          dreamdust_ecumenical_altar_drowned_temple, uniq_sigmund

Skill      XL: |  1  2 |
---------------+-------+-----
Spellcasting   | 3 |  3.3
Dodging        | 3 |  3.1
Earth Magic    | 3 |  3.0
Short Blades   | |  0.3
Stealth        | |  3.9
Transmutations | |  1.9

Action                   || total
-------------------------++-------
Melee: Unarmed           ||     2
       Dagger            ||    15
 Cast: Sandblast         ||    46
  Use: Scroll            ||     6
Dodge: Dodged            ||    25

Table legend: (Time is in decaauts)
 A = Elapsed time spent in this place.
 B = Non-inter-level travel time spent in this place.
 C = Inter-level travel time spent in this place.
 D = Time resting spent in this place.
 E = Time spent auto-exploring this place.
 F = Levels seen in this place.
 G = Mean time per level.
                   A        B        C        D        E       F      G
               +--------+--------+--------+--------+--------+-----+--------+
         Total |    927 |    892 |     35 |      0 |    697 |   2 |  463.5 |
       Dungeon |    927 |    892 |     35 |      0 |    697 |   2 |  463.5 |
               +--------+--------+--------+--------+--------+-----+--------+

Top non-repeatable levels by time:
     D:1: 608 daAuts
     D:2: 318 daAuts
